 Dungeon Crawl Stone Soup version 0.22-a0-284-g99d1f7439c (webtiles) character file.

11871 Infinimo the Fencer (level 11, -1/75 HPs)
             Began as a Demonspawn Berserker on Mar 21, 2018.
             Was a High Priest of Trog.
             Succumbed to a killer bee's poison
             ... on level 11 of the Dungeon.
             The game lasted 00:16:25 (12103 turns).

Infinimo the Fencer (Demonspawn Berserker)         Turns: 12103, Time: 00:16:26

Health: -1/75      AC: 11    Str: 19 (20) XL:     11   Next: 55%
Magic:  4/11       EV: 10    Int:  6 (9)  God:    Trog [*****.]
Gold:   635        SH:  0    Dex: 10 (13) Spells: 10/10 levels left

rFire    + . .     SeeInvis .   a - +1 falchion (slice)
rCold    . . .     Gourm    .   (no shield)
rNeg     + . .     Faith    .   e - +0 scale mail
rPois    .         Spirit   +   (helmet unavailable)
rElec    .         Reflect  .   g - +1 cloak
rCorr    .         Harm     .   w - +0 pair of gloves
MR       .....                  (no boots)
Stlth    ..........             (no amulet)
HPRegen  0.22/turn              x - ring of positive energy
MPRegen  0.24/turn              t - ring of protection from fire

@: lethally poisoned (-1 -> -11), berserk cooldown, very slightly contaminated,
hasted and slowed, invisible
A: horns 3, slimy green scales 1, demonic guardian 1, magic shield, magic
regeneration
a: Berserk, Trog's Hand, Brothers in Arms, Renounce Religion


You were on level 11 of the Dungeon.
You worshipped Trog.
Trog was extremely pleased with you.
You were very hungry.

You visited 1 branch of the dungeon, and saw 11 of its levels.

You collected 635 gold pieces.

Inventory:

Hand Weapons
 a - a +1 falchion of slicing (weapon)
 v - a +2 long sword
Armour
 b - a +0 animal skin
 e - a +0 scale mail (worn)
 g - a +1 cloak (worn)
 w - a +0 pair of gloves (worn)
Jewellery
 j - an uncursed ring of resist corrosion
 t - a ring of protection from fire (right hand)
 x - a ring of positive energy (left hand)
 A - an uncursed ring of flight
Wands
 m - a wand of digging (6)
 y - a wand of disintegration (12)
Scrolls
 d - 2 scrolls of blinking
 f - 8 scrolls of remove curse
 k - 4 scrolls of enchant weapon
 l - 5 scrolls of teleportation
 o - 3 scrolls of enchant armour
 q - 3 scrolls of fear
Potions
 r - a potion of magic
 s - 3 potions of cancellation
 B - a potion of brilliance
Comestibles
 c - 21 rations


   Skills:
 + Level 3.5 Fighting
 - Level 16.0 Long Blades
 + Level 2.4 Armour
 - Level 1.7 Dodging


You had 10 spell levels left.
You didn't know any spells.

Dungeon Overview and Level Annotations

Branches:
Dungeon (11/15)            Temple (0/1) D:6            Lair (0/6) D:10
    Orc (0/2) D:10

Altars:
Ashenzari
Elyvilon
Makhleb
Ru
Sif Muna
Xom
Yredelemnul
The Shining One

Shops:
D:7 :   D:10 [


Innate Abilities, Weirdness & Mutations

You have a pair of large horns on your head.
You are partially covered in slimy green scales. (AC +2)
A weak demonic guardian rushes to your aid.
When hurt, damage is shared between your health and your magic reserves.
You regenerate magic rapidly.


Message History

You fade into invisibility!
* * * LOW HITPOINT WARNING * * *
You feel very sick.
The crimson imp shouts!
You hear a shout!
You are very lightly contaminated with residual magic.
A deep elf mage comes into view.
It is wielding a long sword of holy wrath.
* * * LOW HITPOINT WARNING * * *
You feel sick.
The crimson imp shouts!
The deep elf mage shouts!
A killer bee comes into view.
Okay, then.
Unknown command.
It was a potion of degeneration.
There was something very wrong with that liquid.
You feel weakened.
You feel dopey.
You feel clumsy.
* * * LOW HITPOINT WARNING * * *
You feel sick.
The deep elf mage shouts!
It was a potion of haste.
You feel yourself speed up.
You die...

#.#######
#....@..##
####.5...#
......e..##
..........#
....#.##y#...
...#.#
.#.#... ..#.#
# # #....
P..# .... .#
...


You could see a deep elf mage, a killer bee (wandering) and a crimson imp.

Vanquished Creatures
  A catoblepas (D:10)
  A two-headed ogre (D:10)
  The ghost of aredel the Covered, a novice NaFi of Cheibriados (D:9)
  2 unseen horrors
  2 manticores
  A centaur zombie (D:10)
  A komodo dragon (D:10)
  A hornet (D:7)
  Prince Ribbit (D:7)
  A meliai zombie (D:8)
  2 wyverns (D:10)
  4 yaks (D:9)
  A wraith (D:10)
  A steam dragon (D:11)
  Grum (D:8)
  A hungry ghost (D:10)
  Duvessa (D:6)
  A soldier ant (D:10)
  An acid dragon (D:9)
  3 ice beasts
  A sky beast (D:10)
  A phantom (D:10)
  An eye of draining (D:10)
  2 wolves (D:8)
  8 ogres
  2 centaurs
  11 bullfrogs
  A big kobold (D:10)
  2 scorpions
  Dowan (D:6)
  2 wights (D:11)
  11 killer bees
  7 howler monkeys (D:7)
  A crimson imp (D:10)
  4 hounds
  A jelly (D:10)
  2 bullfrog skeletons (D:8)
  2 centaur skeletons
  4 orc priests
  3 iguanas
  5 orc wizards
  4 worker ants
  Terence (D:3)
  2 killer bee zombies
  2 hound zombies
  A hound skeleton (D:5)
  3 worker ant zombies
  15 gnolls
  12 adders
  A shadow imp (D:8)
  An adder skeleton (D:9)
  3 leopard geckos
  24 orcs
  A giant cockroach (D:1)
  8 goblins
  10 hobgoblins
  12 jackals
  2 quokkas
  4 ball pythons
  6 bats
  7 frilled lizards
  10 kobolds
  A leopard gecko skeleton (D:6)
  A quokka skeleton (D:7)
  A quokka zombie (D:9)
  3 rats
  A butterfly (D:8)
236 creatures vanquished.

Vanquished Creatures (collateral kills)
  A wizard (D:9)
  A hippogriff (D:9)
  A hungry ghost (D:7)
  Menkaure (D:7)
  A black bear (D:10)
  A wight (D:11)
  A bullfrog zombie (D:6)
  An orc wizard (D:5)
  An adder (D:5)
  3 orcs
  A jackal zombie (D:8)
13 creatures vanquished.

Vanquished Creatures (others)
  6 plants (D:10)
6 creatures vanquished.

Grand Total: 255 creatures vanquished

Notes
Turn   | Place    | Note
-------+----------+-------------------------------------------
     0 | D:1      | Infinimo the Demonspawn Berserker began the quest for the Orb.
     0 | D:1      | Reached XP level 1. HP: 18/18 MP: 1/1
    71 | D:1      | Reached skill level 3 in Long Blades
    76 | D:1      | Gained mutation: You have a pair of small horns on your head. [demonic ancestry]
    76 | D:1      | Reached XP level 2. HP: 20/24 MP: 2/2
   984 | D:2      | Reached XP level 3. HP: 29/29 MP: 3/3
   998 | D:2      | Reached ** piety under Trog
  1000 | D:2      | Reached skill level 4 in Long Blades
  1227 | D:2      | Found a sacrificial altar of Ru.
  1367 | D:2      | Found a faded altar of an unknown god.
  1866 | D:3      | Reached XP level 4. HP: 35/35 MP: 4/4
  1947 | D:3      | Reached skill level 5 in Long Blades
  2361 | D:3      | Found a shattered altar of Ashenzari.
  2407 | D:3      | Noticed Terence
  2414 | D:3      | Killed Terence
  2414 | D:3      | Gained mutation: When hurt, damage is shared between your health and your magic reserves. [demonic ancestry]
  2414 | D:3      | Reached XP level 5. HP: 41/41 MP: 5/5
  2949 | D:4      | Reached *** piety under Trog
  2949 | D:4      | Reached skill level 6 in Long Blades
  3117 | D:4      | Noticed an ogre
  3121 | D:4      | Killed an ogre
  3121 | D:4      | Gained mutation: You regenerate magic rapidly. [demonic ancestry]
  3121 | D:4      | Reached XP level 6. HP: 47/47 MP: 6/6
  3560 | D:4      | Reached skill level 7 in Long Blades
  3576 | D:4      | Found a glowing golden altar of the Shining One.
  3681 | D:5      | Entered Level 5 of the Dungeon
  3731 | D:5      | Gained mutation: A weak demonic guardian rushes to your aid. [demonic ancestry]
  3731 | D:5      | Reached XP level 7. HP: 36/52 MP: 2/7
  4103 | D:5      | Reached skill level 8 in Long Blades
  5131 | D:6      | Noticed Duvessa
  5132 | D:6      | Noticed Dowan
  5163 | D:6      | Killed Dowan
  5167 | D:6      | Killed Duvessa
  5243 | D:6      | Reached skill level 9 in Long Blades
  5243 | D:6      | Gained mutation: You are partially covered in slimy green scales. (AC +2) [demonic ancestry]
  5243 | D:6      | Reached XP level 8. HP: 58/58 MP: 8/8
  5593 | D:6      | Reached **** piety under Trog
  5854 | D:6      | Found a staircase to the Ecumenical Temple.
  5872 | D:7      | Reached skill level 10 in Long Blades
  5902 | D:7      | Noticed a hornet
  5903 | D:7      | Noticed Prince Ribbit
  5904 | D:7      | Paralysed by a hornet for 1 turns
  5915 | D:7      | Paralysed by a hornet for 1 turns
  5919 | D:7      | Killed a hornet
  6218 | D:7      | Found a basalt altar of Yredelemnul.
  6245 | D:7      | Killed Prince Ribbit
  6245 | D:7      | Reached skill level 11 in Long Blades
  6245 | D:7      | Gained mutation: You have a pair of horns on your head. [demonic ancestry]
  6245 | D:7      | Reached XP level 9. HP: 27/63 MP: 7/9
  6477 | D:7      | Found Favegi's Book Boutique.
  6497 | D:7      | Noticed Menkaure
  7054 | D:7      | Killed Menkaure
  7442 | D:7      | Got a bloodstained short sword {protect}
  7443 | D:7      | Identified the +6 short sword of the Living Dead {protect, *Slow rPois Int+5 Dex+4} (You took it off a gnoll on level 7 of the Dungeon)
  7568 | D:8      | Reached skill level 12 in Long Blades
  7754 | D:8      | Found a burning altar of Makhleb.
  8042 | D:8      | Found a shimmering altar of Xom.
  8044 | D:8      | Noticed Grum
  8064 | D:8      | Killed Grum
  8632 | D:9      | Noticed aredel's ghost (novice NaFi)
  8887 | D:9      | Noticed a wizard
  8907 | D:9      | Killed a wizard
  8907 | D:9      | Reached ***** piety under Trog
  8907 | D:9      | Reached skill level 13 in Long Blades
  8907 | D:9      | Reached XP level 10. HP: 70/70 MP: 10/10
  9315 | D:9      | Killed aredel's ghost
  9315 | D:9      | Reached skill level 14 in Long Blades
  9705 | D:9      | Found a deep blue altar of Sif Muna.
 10059 | D:10     | Entered Level 10 of the Dungeon
 10059 | D:10     | Noticed a manticore
 10059 | D:10     | Noticed a catoblepas
 10781 | D:10     | Killed a manticore
 10794 | D:10     | Killed a catoblepas
 10794 | D:10     | Reached skill level 15 in Long Blades
 10794 | D:10     | Gained mutation: You have a pair of large horns on your head. [demonic ancestry]
 10794 | D:10     | Reached XP level 11. HP: 68/75 MP: 8/11
 11051 | D:10     | Noticed a two-headed ogre
 11072 | D:10     | Killed a two-headed ogre
 11271 | D:10     | Killed an unseen horror
 11539 | D:10     | Found a staircase to the Lair.
 11638 | D:10     | Found a white marble altar of Elyvilon.
 11685 | D:10     | Found a staircase to the Orcish Mines.
 11719 | D:10     | Found Ratiustru's Armour Shop.
 11895 | D:11     | Killed an unseen horror
 11895 | D:11     | Reached skill level 16 in Long Blades
 12079 | D:11     | HP: 1/75 [manticore (7)]
 12100 | D:11     | HP: 3/75 [poisoned by a killer bee]
 12101 | D:11     | Noticed a deep elf mage
 12102 | D:11     | HP: 1/75 [poisoned by a killer bee]
 12103 | D:11     | Succumbed to a killer bee's poison

Vault maps used:
D:1:      dpeg_arrival_orchard
D:2:      lemuel_doored_altar, chequers_ecumenical_altar_simple
D:3:      cheibrodos_ashenzari_chains, grunt_decor_resistance, uniq_terence
D:4:      tso_altar, first_ration
D:5:      kennysheep_generic_room_16
D:6:      temple_statues, uniq_duvessa
D:7:      serial_shops, shop, basic_altar, uniq_prince_ribbit1, uniq_menkaure
D:8:      xom_butterflies, lemuel_round_altar, uniq_grum
D:9:      nicolae_overflow_hidden_temple, minmay_librarian
D:10:     nzn_motion_control, david_lair_shrubbed, orc_0_dummy, basic_altar,
          serial_shops, shop
D:11:     regret_index_bee_streams

Skill      XL: |  1  2  3  4  5  6  7  8  9 10 11 |
---------------+----------------------------------+-----
Long Blades    | 3 4 5 6 7 9 11 13 15 16 | 16.0
Armour         | 2 |  2.4
Fighting       | |  3.5
Dodging        | |  1.7

Action                   |  1- 3 |  4- 6 |  7- 9 | 10-12 || total
-------------------------+-------+-------+-------+-------++-------
Melee: Falchion          |   116 |   120 |   372 |   355 ||   963
       Headbutt          |    17 |    25 |    99 |    73 ||   214
Invok: Berserk           |     1 |     5 |     7 |     8 ||    21
  Use: Scroll            |     2 |       |    13 |     3 ||    18
       Potion            |       |       |     2 |     6 ||     8
 Stab: Sleeping          |     1 |       |       |       ||     1
       Distracted        |       |       |       |     4 ||     4
  Eat: Chunk             |     4 |     9 |    15 |    10 ||    38
       Ration            |       |       |     3 |     3 ||     6
Armor: Animal skin       |     4 |       |       |       ||     4
       Scale mail        |    33 |    40 |   135 |   128 ||   336
Dodge: Dodged            |    61 |    63 |   188 |   108 ||   420
       Rpst.: Falchion   |    23 |    17 |    57 |    24 ||   121

Table legend:
 A = Spawn XP
 B = Non-spawn XP
 C = Spawn XP percentage of total XP
 D = Spawn monster count
 E = Non-spawn monster count
 F = Spawn count percentage of total count
 G = Total turns spent on level
                    A         B        C        D         E        F      G
               +---------+---------+-------+---------+---------+-------+---------
         Total |       0 |   16959 |   0.0 |       0 |     248 |   0.0 | 12103
               +---------+---------+-------+---------+---------+-------+---------
           D:1 |       0 |      39 |   0.0 |       0 |      24 |   0.0 |   978
           D:2 |       0 |      53 |   0.0 |       0 |      18 |   0.0 |   821
           D:3 |       0 |     135 |   0.0 |       0 |      19 |   0.0 |   936
           D:4 |       0 |     408 |   0.0 |       0 |      17 |   0.0 |   946
           D:5 |       0 |     562 |   0.0 |       0 |      19 |   0.0 |  1434
           D:6 |       0 |     819 |   0.0 |       0 |      22 |   0.0 |  1270
           D:7 |       0 |    1574 |   0.0 |       0 |      25 |   0.0 |  1067
           D:8 |       0 |    1553 |   0.0 |       0 |      25 |   0.0 |  1322
           D:9 |       0 |    3378 |   0.0 |       0 |      27 |   0.0 |  1515
          D:10 |       0 |    5876 |   0.0 |       0 |      31 |   0.0 |  1519
          D:11 |       0 |    2562 |   0.0 |       0 |      21 |   0.0 |   295
               +---------+---------+-------+---------+---------+-------+---------
